 Dungeon Crawl Stone Soup version 0.28.0-43-g3370ac3207 (webtiles) character file.

Game seed: 15072148148622306815

6 tizbic2 the Skirmisher (level 1, 0/24 HPs)
             Began as an Ogre Fighter on Mar 6, 2022.
             Succumbed to a kobold's poison
             ... on level 1 of the Dungeon.
             The game lasted 00:02:08 (286 turns).

tizbic2 the Skirmisher (Ogre Fighter)                Turns: 286, Time: 00:02:09

Health: 0/24       AC:  3    Str: 19    XL:     1   Next: 90%
Magic:  1/1        EV:  8    Int:  9    God:
Gold:   7          SH:  7    Dex:  8    Spells: 0/0 levels left

rFire   . . .      SeeInvis .   a - +0 war axe
rCold   . . .      Faith    .   c - +0 kite shield
rNeg    . . .      Spirit   .   b - +0 robe
rPois   .          Reflect  .   (helmet restricted)
rElec   .          Harm     .   (no cloak)
rCorr   .          Rampage  .   (gloves unavailable)
Will    .....                   (boots unavailable)
Stlth   ..........              (no amulet)
HPRegen 0.08/turn               (no ring)
MPRegen 0.07/turn               (no ring)

@: mighty, lethally poisoned (0 -> -5), silenced
A: large, unfitting armour, tough skin 1
a: no special abilities


You were on level 1 of the Dungeon.
You visited 1 branch of the dungeon, and saw 1 of its levels.

You collected 7 gold pieces.

Inventory:

Hand Weapons
 a - a +0 war axe (weapon)
Missiles
 g - 5 stones (quivered)
Armour
 b - a +0 robe (worn)
 c - a +0 kite shield (worn)
Scrolls
 f - a scroll of amnesia {unknown}


   Skills:
 + Level 4.1 Fighting
 + Level 2.1 Axes
 - Level 2.6 Dodging
 * Level 2.9 Shields


You couldn't memorise any spells.
You didn't know any spells.
Your spell library contained the following spells:

 Spells                   Type           Power      Damage    Failure   Level
 Ensorcelled Hibernation  Hex/Ice        0%         N/A       83%         2
 Passwall                 Tmut/Erth      0%         N/A       83%         2
 Swiftness                Air            0%         N/A       96%         3


Dungeon Overview and Level Annotations

Branches:
Dungeon (1/15)

Altars:


Innate Abilities, Weirdness & Mutations

You are too large for most types of armour.
You have tough skin. (AC +1)


Message History

You hit the hobgoblin.
You kill the hobgoblin!
You see here a hobgoblin corpse.
g - 5 stones (gained 1)
Found a scroll labelled WUDUICW DAQIT.
g - 7 stones (gained 2)
Found an escape hatch in the floor.
Found a stone staircase leading down.
Found a spear.
A kobold comes into view.
It is wielding a +0 short sword of venom.
The kobold shouts!
You throw a stone. The stone closely misses the kobold.
The kobold throws a stone.
The stone barely misses you.
You throw a stone. The stone barely misses the kobold.
You hit the kobold but do no damage.
The kobold hits you with a +0 short sword of venom.
You are poisoned.
The kobold hits you with a +0 short sword of venom.
You are lethally poisoned!
You miss the kobold.
You feel extremely sick. You block the kobold's attack.
You barely miss the kobold.
* * * LOW HITPOINT WARNING * * *
You feel very sick. The kobold closely misses you.
The kobold hits you with a +0 short sword of venom.
* * * LOW HITPOINT WARNING * * *
Okay, then.
Okay, then.
You feel very mighty all of a sudden.
* * * LOW HITPOINT WARNING * * *
You feel sick. The kobold completely misses you.
You slash the kobold!
You kill the kobold!
* * * LOW HITPOINT WARNING * * *
You feel very sick.
As you read the scroll labelled WUDUICW DAQIT, it crumbles to dust.
A profound silence engulfs you.
It was a scroll of silence.
You die...

###.# ##...##.......#
##..#
#.#....###..###..
##.## #.####.###.....
##.# #.. #.†.#..# ...#
### ###....# .###
###..# ...# ###..#
##.# #.##....# #.#####
#(.)@...# #.....#
##....#.# #####.#
#?...#.# ### #.#
#....#..
..####.#######....##..
#..............>.>#
..)
####..............#
.... #.......###.....
#.......#


There were no monsters in sight!

Vanquished Creatures
  An endoplasm (D:1)
  A hobgoblin (D:1)
  2 kobolds (D:1)
  A frilled lizard (D:1)
5 creatures vanquished.

Notes
Turn   | Place    | Note
-------+----------+-------------------------------------------
     0 | D:1      | tizbic2 the Ogre Fighter began the quest for the Orb.
     0 | D:1      | Reached XP level 1. HP: 24/24 MP: 1/1
   285 | D:1      | HP: 1/24 [poisoned by a kobold]
   286 | D:1      | Succumbed to a kobold's poison

Illustrated notes

Levels and vault maps discovered:
D:1:      saegor_arrival_simple_e, layout_rooms, serial_shops, shop

Action                   || total
-------------------------++-------
Melee: War axe           ||    13
Throw: Stone             ||     9
  Use: Scroll            ||     1
       Potion            ||     1
Armor: Robe              ||     2
Dodge: Dodged            ||     7
Block: Kite shield       ||     4
